 Dungeon Crawl Stone Soup version 0.26-a0-412-ga3d1f51b (webtiles) character file.

Game seed: 10537459240898642469

32 Illumine the Skirmisher (level 3, -2/31 HPs)
             Began as a Palentonga Fighter on July 23, 2020.
             Slain by a gnoll
             ... wielding a +0 flail of protection
              (5 damage)
             ... on level 2 of the Dungeon.
             The game lasted 00:00:31 (645 turns).

Illumine the Skirmisher (Palentonga Fighter)         Turns: 645, Time: 00:00:32

Health: -2/31      AC:  6    Str: 20    XL:     3   Next: 10%
Magic:  3/3        EV:  5    Int:  8    God:
Gold:   44         SH:  8    Dex:  9    Spells: 2/2 levels left

rFire    . . .     SeeInvis +   a - +0 war axe
rCold    . . .     Faith    .   c - +0 kite shield
rNeg     . . .     Spirit   .   l - -1 scale mail (curse)
rPois    .         Reflect  .   (no helmet)
rElec    .         Harm     .   f - +0 cloak
rCorr    .                      (no gloves)
MR       .....                  (boots restricted)
Stlth    ..........             (no amulet)
HPRegen  0.10/turn              (no ring)
MPRegen  0.08/turn              (no ring)

@: no status effects
A: large, rugged brown scales 3, see invisible, deformed body, roll, armoured
tail
a: Rolling Charge


You were on level 2 of the Dungeon.
You visited 1 branch of the dungeon, and saw 2 of its levels.

You collected 44 gold pieces.

Inventory:

Hand Weapons
 a - a +0 war axe (weapon)
Armour
 b - a +0 scale mail
 c - a +0 kite shield (worn)
 f - a +0 cloak (worn)
 l - a cursed -1 scale mail (worn)
Jewellery
 e - a cursed -4 ring of slaying {unknown}
Scrolls
 g - a scroll of immolation {unknown}
 j - a scroll of amnesia {unknown}
 k - 2 scrolls of teleportation {unknown}
Potions
 d - a potion of might
 h - 2 potions of curing {unknown}
 i - a potion of heal wounds {unknown}
 m - a potion of flight {unknown}


   Skills:
 + Level 3.2 Fighting
 + Level 2.5 Axes
 + Level 2.7 Armour
 + Level 0.1 Dodging
 + Level 2.7 Shields


You had 2 spell levels left.
You didn't know any spells.
Your spell library was empty.

Dungeon Overview and Level Annotations

Branches:
Dungeon (2/15)

Altars:


Innate Abilities, Weirdness & Mutations

You are completely covered in rugged brown scales. (AC +3, +7% HP)
You have supernaturally acute eyesight. (SInv)
Armour fits poorly on your strangely shaped body.
You can roll at foes to attack.
You have a long armoured tail.


Message History

Unknown command.
You barely miss the gnoll. x2; The gnoll hits you with a +0 spear.
The gnoll hits you but does no damage.
You barely miss the gnoll. You closely miss the gnoll.
The gnoll hits you with a +0 spear. The gnoll hits you but does no damage.
A gnoll opens the door.
You block the gnoll's attack.
The gnoll hits you with a +0 flail of protection!
The gnoll hits you but does no damage. You block the gnoll's attack.
You barely miss the gnoll. You closely miss the gnoll. You hit the gnoll.
The gnoll barely misses you. The gnoll hits you with a +0 spear!
You block the gnoll's attack.
Unknown command.
You slash the gnoll!
The gnoll is almost dead.
You barely miss the gnoll. You hit the gnoll.
The gnoll hits you with a +0 whip!
* * * LOW HITPOINT WARNING * * *
The gnoll hits you but does no damage.
The gnoll hits you with a +0 flail of protection.
You die...

#.## #.?# #. #...
.#.# #..##.#.#
###.<.. #.#
#....)###.#.#
#)...†......#
#..g.#.##.##########
#..@g'(.#...........
##..g#.(#.##########
.....#..(.# #....
.......###..# #....
#......### #.>#
#.... ####### ####
#.... #.... #####


You could see 3 gnolls.

Vanquished Creatures
  A worm (D:2)
  A dart slug (D:1)
  A giant cockroach (D:1)
  A goblin (D:1)
  4 hobgoblins (D:1)
  6 jackals
  A quokka (D:2)
  3 bats
  4 kobolds
  2 rats (D:1)
24 creatures vanquished.

Notes
Turn   | Place    | Note
-------+----------+-------------------------------------------
     0 | D:1      | Illumine the Palentonga Fighter began the quest for the
                  | Orb.
     0 | D:1      | Reached XP level 1. HP: 19/19 MP: 1/1
   197 | D:1      | Reached XP level 2. HP: 25/25 MP: 2/2
   536 | D:2      | Reached XP level 3. HP: 25/31 MP: 3/3
   645 | D:2      | Slain by a gnoll

Illustrated notes

Levels and vault maps discovered:
D:1:      ncdulo_watergridlock, layout_rooms
D:2:      layout_basic, tgw_xom, tso_altar

Action                   || total
-------------------------++-------
Melee: War axe           ||    44
       Tailslap          ||     1
Armor: Scale mail        ||    44
Dodge: Dodged            ||    17
Block: Kite shield       ||    34

Table legend: (Time is in decaauts)
 A = Elapsed time spent in this place.
 B = Non-inter-level travel time spent in this place.
 C = Inter-level travel time spent in this place.
 D = Time resting spent in this place.
 E = Time spent auto-exploring this place.
 F = Levels seen in this place.
 G = Mean time per level.
                   A        B        C        D        E       F      G
               +--------+--------+--------+--------+--------+-----+--------+
         Total |    665 |    645 |     20 |     32 |    464 |   2 |  332.5 |
       Dungeon |    665 |    645 |     20 |     32 |    464 |   2 |  332.5 |
               +--------+--------+--------+--------+--------+-----+--------+

Top non-repeatable levels by time:
     D:1: 535 daAuts
     D:2: 129 daAuts
